 Dungeon Crawl Stone Soup version 0.30.1-3-gfc49f6343a (webtiles) character file.

Game seed: 4938354355741943370

497 croobank the Covert (level 7, -5/49 HPs)
             Began as an Octopode Delver on July 22, 2023.
             Slain by Pikel
             ... wielding a +0 whip of flaming
              (7 damage)
             ... on level 4 of the Dungeon.
             The game lasted 00:10:54 (2940 turns).

croobank the Covert (Octopode Delver)               Turns: 2940, Time: 00:10:55

Health: -5/49      AC:  1    Str:  9    XL:     7   Next: 15%
Magic:  7/7        EV: 14    Int: 15    God:
Gold:   147        SH:  0    Dex: 16    Spells: 6/6 levels left

rFire   . . .        k - +8 great mace of Corruption {freeze, rPois rCorr Str-2 Dex+3}
rCold   . . .        (shield currently unavailable)
rNeg    . . .        (helmet restricted)
rPois   +            (no amulet)
rElec   .            j - ring of wizardry
rCorr   +            (no ring)
SInv    .            (no ring)
Will    .....        (no ring)
Stlth   +++++        (no ring)
HPRegen 0.28/turn    (no ring)
MPRegen 0.10/turn    (no ring)
                     (no ring)

%: wizardry (x1)
@: no status effects
A: almost no armour, amphibious, 8 rings, camouflage 1, gelatinous body 1,
(nimble swimmer 1), tentacles
a: no special abilities


You were on level 4 of the Dungeon.
You visited 1 branch of the dungeon, and saw 6 of its levels.

You collected 147 gold pieces.

Inventory:

Hand Weapons
 a - a +1 short sword
 b - a +0 sling
 h - a +0 hand axe
 k - the +8 great mace of Corruption (weapon) {freeze, rPois rCorr Str-2 Dex+3}
   (You found it on level 3 of the Dungeon)

   Str:       It affects your strength (-2).
   Dex:       It affects your dexterity (+3).
   rPois:     It protects you from poison.
   rCorr:     It protects you from acid and corrosion.
 l - a +0 rapier
 s - a +0 flail
Missiles
 m - a throwing net (quivered)
 o - 5 atropa-tipped darts
 v - 2 boomerangs
Magical Staves
 q - a staff of death
Jewellery
 j - a ring of wizardry (left tentacle)
 u - a ring of fire
Wands
 f - a wand of digging (3)
Scrolls
 c - a scroll of magic mapping
 d - 2 scrolls of fear
 n - a scroll of immolation
 y - 2 scrolls of poison
 z - a scroll of vulnerability
Potions
 e - 2 potions of haste
 g - a potion of lignification
 i - a potion of resistance {unknown}
 p - 2 potions of invisibility {unknown}
 r - a potion of attraction
 t - 2 potions of heal wounds
 w - a potion of flight {unknown}
 x - a potion of curing {unknown}


   Skills:
 + Level 4.7 Fighting
 + Level 4.0 Short Blades
 + Level 4.0 Dodging
 + Level 8.5 Stealth


You had 6 spell levels left.
You didn't know any spells.
Your spell library was empty.

Dungeon Overview and Level Annotations

Branches:
Dungeon (6/15)
 Temple: D:4-7

Altars:
Vehumet

Shops:
D:2 (

Annotations:
D:4 Pikel


Innate Abilities, Weirdness & Mutations

You cannot wear most types of armour.
You are amphibious.
You can wear up to eight rings at the same time.
Your skin changes colour to match your surroundings (Stealth+).
Your rubbery body absorbs attacks. (AC +1, EV +1)
((You are camouflaged when in or above water. (Stealth+)))
You have tentacles for arms and can constrict up to eight enemies at once.


Message History

You bludgeon the hobgoblin!! You freeze the hobgoblin.
You kill the hobgoblin!
No target in view!
Found a stone staircase leading down.
Found a pair of boots and a hand axe.
You see here a +0 pair of boots.
You barely miss Pikel.
Pikel shouts!
The lemure shouts! x2
Your grab misses Pikel. Pikel barely misses you. Pikel misses you.
You hit Pikel but do no damage. You grab Pikel.
You constrict Pikel, but do no damage.
Pikel hits you with a +0 whip of flaming.
Pikel burns you. Pikel misses you.
You hit Pikel. You freeze Pikel. You squeeze Pikel, but do no damage.
Pikel is lightly wounded.
You constrict Pikel, but do no damage. The lemure closely misses you.
Pikel hits you with a +0 whip of flaming.
Pikel burns you. The lemure hits you!
You hit Pikel. You freeze Pikel.
Pikel is moderately wounded.
You constrict Pikel.
Pikel zaps a wand.
The puff of flame hits you!
* * * LOW HITPOINT WARNING * * *
The lemure hits you.
* * * LOW HITPOINT WARNING * * *
The lemure barely misses you. Pikel closely misses you.
The lemure barely misses you. The lemure closely misses you.
You feel much better.
You constrict Pikel. Pikel hits you but does no damage. The lemure hits you!
The lemure barely misses you.
You sock Pikel! You freeze Pikel.
Pikel is almost dead.
You constrict Pikel, but do no damage.
Pikel hits you with a +0 whip of flaming!
* * * LOW HITPOINT WARNING * * *
Pikel burns you.
* * * LOW HITPOINT WARNING * * *
The lemure hits you!
* * * LOW HITPOINT WARNING * * *
The lemure barely misses you.
Pikel hits you with a +0 whip of flaming!
You die...

#.......###..# ##.
............#..# #..
........#.....#####..#
.>...#####.........#
....# ##........## #.).#
##......... #...#
#.##...... #..K##
#......... ## #.5@.#
#......... #...#5..#
###.....(...
.........####...........
......##..#.......#...<.
.....# ###.###.....#.[..
..##. #.# ##......... .
# ### ##..###... #.##
##.. #.# ###


You could see Pikel and 2 lemures.

Vanquished Creatures
  Sigmund (D:3)
  2 lemures (D:3)
  A hound (D:4)
  An orc priest (D:3)
  Terence (D:2)
  Natasha (thrice) (D:2)
  4 gnolls
  7 adders
  4 worms
  2 dart slugs
  4 orcs
  3 bats
  4 endoplasms
  A giant cockroach (D:4)
  6 goblins
  6 hobgoblins
  3 jackals (D:3)
  3 quokkas
  4 ball pythons
  2 frilled lizards
  3 kobolds
  3 rats
68 creatures vanquished.

Vanquished Creatures (collateral kills)
  A worm (D:2)
  A ball python (D:2)
2 creatures vanquished.

Grand Total: 70 creatures vanquished

Notes
Turn   | Place    | Note
-------+----------+-------------------------------------------
     0 | D:5      | croobank the Octopode Delver began the quest for the Orb.
     0 | D:5      | Reached XP level 1. HP: 16/16 MP: 1/1
     1 | D:6      | Noticed a bullfrog
    12 | D:5      | Noticed a black bear
    49 | D:4      | Reached XP level 2. HP: 21/21 MP: 2/2
   121 | D:3      | Found a faded altar of an unknown god.
   285 | D:1      | Reached XP level 3. HP: 25/26 MP: 3/3
   589 | D:1      | Reached skill level 7 in Stealth
   653 | D:2      | Found Isuu's Weapon Boutique.
   693 | D:2      | Noticed Terence
   701 | D:2      | Killed Terence
   702 | D:2      | Reached XP level 4. HP: 31/31 MP: 4/4
  1050 | D:2      | Noticed Natasha
  1200 | D:2      | Killed Natasha
  1201 | D:2      | Reached XP level 5. HP: 28/37 MP: 5/5
  1212 | D:2      | Noticed Natasha
  1217 | D:2      | Killed Natasha
  1247 | D:2      | Noticed Natasha
  1254 | D:2      | Killed Natasha
  1554 | D:2      | Found a radiant altar of Vehumet.
  1803 | D:3      | Reached XP level 6. HP: 37/43 MP: 6/6
  1866 | D:3      | Identified the +8 great mace of Corruption {freeze, rPois
                  | rCorr Str-2 Dex+3}
  1908 | D:3      | Reached skill level 8 in Stealth
  1947 | D:3      | Noticed Sigmund
  1953 | D:3      | Killed Sigmund
  1954 | D:3      | Reached XP level 7. HP: 49/49 MP: 7/7
  2354 | D:4      | Noticed Pikel
  2940 | D:4      | HP: 2/49 [lemure[Pikel] (7)]
  2940 | D:4      | Slain by Pikel

Illustrated notes

Levels and vault maps discovered:
D:1:      dpeg_arrival_arbitrary_a, layout_basic
D:2:      layout_basic, serial_shops, shop, basic_altar, uniq_terence,
          uniq_natasha
D:3:      layout_rooms, ebering_ecumenical_altar_box, uniq_sigmund
D:4:      layout_layer_cave, eino_tiny_chamber, uniq_pikel
D:5:      layout_basic, nicolae_dithmenos_through_a_glass_darkly,
          grunt_temple_overflow_open, mainiacjoe_overflow_concentric_impassable,
          gammafunk_ghost_necromancy
D:6:      layout_basic, uniq_grinder

Skill      XL: |  1  2  3  4  5  6  7 |
---------------+----------------------+-----
Stealth        | 7 8 |  8.5
Short Blades   | 3 4 |  4.0
Dodging        | 3 4 |  4.0
Fighting       | 4 |  4.7

Action                     |  1- 3 |  4- 6 |  7- 9 || total
---------------------------+-------+-------+-------++-------
  Melee: Short sword       |    40 |    78 |       ||   118
         Constrict         |     8 |    23 |     5 ||    36
         Tentacles         |     5 |    20 |     5 ||    30
         Punch             |       |     2 |       ||     2
         Great mace        |       |    11 |    31 ||    42
  Throw: Throwing net      |       |     2 |       ||     2
    Use: Scroll            |     1 |     8 |     4 ||    13
         Potion            |       |       |     1 ||     1
   Stab: Sleeping          |     8 |     6 |     3 ||    17
         Held in net/web   |       |     1 |       ||     1
 Armour: Skin              |     2 |     1 |     3 ||     6
  Dodge: Dodged            |    16 |    42 |    25 ||    83
